 Dungeon Crawl Stone Soup version 0.23.3-3-gaaff5abdbf (webtiles) character file.

Game seed: 14172261716681141057

107 Eeowdah the Vandal (level 4, -3/38 HPs)
             Began as a Minotaur Hunter on Sept 21, 2019.
             Killed from afar by Natasha (7 damage)
             ... with a magic dart
             ... on level 2 of the Dungeon on Sept 16, 2023.
             The game lasted 00:31:21 (2250 turns).

Eeowdah the Vandal (Minotaur Hunter)                Turns: 2250, Time: 00:31:22

Health: -3/38      AC:  5    Str: 17    XL:     4   Next: 56%
Magic:  3/3        EV: 11    Int:  8    God:
Gold:   71         SH:  0    Dex: 11    Spells: 3/3 levels left

rFire    . . .     SeeInvis .   b - +1 short sword {i}
rCold    . . .     Gourm    .   (no shield)
rNeg     . . .     Faith    .   x - +0 ring mail
rPois    .         Spirit   .   (helmet restricted)
rElec    .         Reflect  .   (no cloak)
rCorr    .         Harm     .   (no gloves)
MR       .....                  (no boots)
Stlth    +.........             (no amulet)
HPRegen  0.12/turn              (no ring)
MPRegen  0.08/turn              (no ring)

@: no status effects
A: retaliatory headbutt, horns 2
a: no special abilities


You were on level 2 of the Dungeon.
You were not hungry.

You visited 1 branch of the dungeon, and saw 2 of its levels.

You collected 71 gold pieces.

Inventory:

Hand Weapons
 a - a +1 hunting sling
 b - a +1 short sword (weapon) {i}
 h - a +0 dagger
 i - a +0 hunting sling
 j - a +0 spear
 k - a +0 whip
 l - a +0 club
 m - a +0 dagger
 n - a +0 club
 o - a +0 spear
 p - a +0 dagger
 q - a +0 whip
 r - a +0 club
 s - a +0 dagger
 u - a +0 dagger
 v - a +0 club
 w - a +0 dagger
 y - a +0 club
 A - a +0 whip
Missiles
 d - 37 sling bullets
 e - 43 stones (quivered)
Armour
 c - a +0 leather armour
 x - a +0 ring mail (worn)
 z - a +0 pair of gloves
Scrolls
 g - 2 scrolls of identify
 t - a scroll of remove curse
Comestibles
 f - 2 rations


   Skills:
 + Level 3.1 Fighting
 * Level 5.7 Slings
 - Level 0.3 Armour
 + Level 2.8 Dodging
 + Level 1.4 Stealth


You had 3 spell levels left.
You didn't know any spells.
Your spell library was empty.

Dungeon Overview and Level Annotations

Branches:
Dungeon (2/15)

Altars:

Annotations:
D:2 Natasha


Innate Abilities, Weirdness & Mutations

You reflexively headbutt those who attack you in melee.
You have a pair of horns on your head.


Message History

Natasha claws you.
You closely miss Natasha.
Natasha is severely wounded.
Natasha claws you.
You hit Natasha.
Natasha is almost dead.
Natasha claws you.
* * * LOW HITPOINT WARNING * * *
You hit Natasha. Your headbutt misses Natasha.
Natasha is almost dead.
Natasha casts a spell.
You barely miss Natasha.
Natasha is almost dead.
Natasha claws you but does no damage. Natasha casts a spell at you.
The magic dart hits you.
* * * LOW HITPOINT WARNING * * *
Natasha stares at you and mumbles some strange words.
The magic dart hits you!
You die...

#.....####.....#..........#
#...>.# #.....#...########
####### #.....###.#
#.....#...# #.....#...#
#####.÷.### ############.##
#.........##.##
#.#####.....@.# ###.#
#.#.##..# #.#.# ###.#.##5h#
## #..###.......÷.#
#.###.....#.#.....####.#
#.#..#####.#.........#
#.#.#####.#.....####.#
#.#......<......#
###.############.##


You could see Natasha and a white imp.

Vanquished Creatures
  Natasha (twice) (D:2)
  2 leopard geckos
  7 bats (D:2)
  3 giant cockroaches
  7 goblins
  6 hobgoblins
  2 jackals (D:1)
  A quokka (D:2)
  3 ball pythons
  4 frilled lizards
  10 kobolds
  6 rats
53 creatures vanquished.

Notes
Turn   | Place    | Note
-------+----------+-------------------------------------------
     0 | D:1      | Eeowdah the Minotaur Hunter began the quest for the Orb.
     0 | D:1      | Reached XP level 1. HP: 18/18 MP: 0/0
   103 | D:1      | Reached XP level 2. HP: 15/25 MP: 1/1
   166 | D:1      | Upgraded the game from 0.23.2-40-g277498a001 to
                  | 0.23.2-44-ge536e68a2c
   242 | D:1      | Reached skill level 5 in Slings
  1111 | D:1      | Upgraded the game from 0.23.2-44-ge536e68a2c to
                  | 0.23.3-3-gaaff5abdbf
  1459 | D:2      | Reached XP level 3. HP: 30/30 MP: 2/2
  1834 | D:2      | Reached skill level 1 in Stealth
  1982 | D:2      | Noticed Natasha
  1998 | D:2      | Killed Natasha
  1998 | D:2      | Reached XP level 4. HP: 10/38 MP: 3/3
  2177 | D:2      | Noticed Natasha
  2179 | D:2      | Killed Natasha
  2233 | D:2      | Noticed Natasha
  2250 | D:2      | Killed from afar by Natasha

Skill      XL: |  1  2  3 |
---------------+----------+-----
Slings         | 5 |  5.7
Stealth        | 1 |  1.4
Fighting       | 3 |  3.1
Armour         | |  0.3
Dodging        | |  2.8

Action                   |  1- 3 |  4- 6 || total
-------------------------+-------+-------++-------
Melee: Hunting sling     |    18 |       ||    18
       Headbutt          |    11 |     1 ||    12
       Short sword       |    45 |    14 ||    59
 Fire: Hunting sling     |    64 |     1 ||    65
  Use: Scroll            |     5 |       ||     5
  Eat: Ration            |     1 |     1 ||     2
Armor: Leather armour    |    21 |       ||    21
       Ring mail         |     3 |     1 ||     4
Dodge: Dodged            |    63 |     4 ||    67
